 Dungeon Crawl Stone Soup version 0.28.0-47-ge53b351184 (webtiles) character file.

Game seed: 9156768781559852293

91 Descartes the Grasshopper (level 4, 0/33 HPs)
             Began as a Formicid Warper on May 8, 2022.
             Killed from afar by Sigmund (5 damage)
             ... with a magic dart
             ... on level 2 of the Dungeon.
             The game lasted 00:04:24 (2307 turns).

Descartes the Grasshopper (Formicid Warper)         Turns: 2307, Time: 00:04:24

Health: 0/33       AC:  8    Str: 17    XL:     4   Next: 88%
Magic:  7/7        EV:  9    Int: 13    God:
Gold:   50         SH:  0    Dex: 10    Spells: 7/7 levels left

rFire   . . .      SeeInvis +   a - +0 mace
rCold   . . .      Faith    .   (no shield)
rNeg    . . .      Spirit   .   e - +1 scale mail
rPois   .          Reflect  .   (helmet unavailable)
rElec   .          Harm     .   j - +0 cloak
rCorr   .          Rampage  .   (no gloves)
Will    .....                   (no boots)
Stlth   ..........              (no amulet)
HPRegen 0.11/turn               (no ring)
MPRegen 0.10/turn               (no ring)

@: no status effects
A: permanent stasis, dig shafts and tunnels, antennae 3, four strong arms
a: Dig, Shaft Self


You were on level 2 of the Dungeon.
You visited 1 branch of the dungeon, and saw 2 of its levels.

You collected 50 gold pieces.

Inventory:

Hand Weapons
 a - a +0 mace (weapon)
Missiles
 c - 5 boomerangs of dispersal (quivered)
Armour
 e - a +1 scale mail (worn)
 j - a +0 cloak (worn)
Scrolls
 i - a scroll of fear


   Skills:
 - Level 2.1 Fighting
 + Level 2.5 Maces & Flails
 - Level 1.0 Throwing
 + Level 2.0 Armour
 - Level 1.7 Dodging
 + Level 1.9 Shields
 - Level 2.1 Spellcasting
 + Level 1.1 Hexes
 + Level 3.1 Translocations
 + Level 1.4 Earth Magic
 + Level 1.3 Poison Magic


You had 7 spell levels left.
You didn't know any spells.
Your spell library contained the following spells:

 Spells                   Type           Power      Damage    Failure   Level
 Gell's Gravitas          Tloc           9%         N/A       56%         3
 Lesser Beckoning         Tloc           9%         N/A       56%         3
 Teleport Other           Tloc           9%         N/A       56%         3
 Tukima's Dance           Hex            4%         N/A       85%         3
 Passage of Golubria      Tloc           9%         N/A       93%         4
 Manifold Assault         Tloc           9%         N/A       100%        5
 Yara's Violent Unravell  Hex/Tmut       1%         3d3       100%        5
 Blink                    Tloc           Unusable   N/A       N/A         2

Dungeon Overview and Level Annotations

Branches:
Dungeon (2/15)

Altars:

Annotations:
D:2 Sigmund


Innate Abilities, Weirdness & Mutations

You cannot be hasted, slowed, berserked, paralysed or teleported.
You can dig through walls and to a lower floor.
You have a pair of large antennae on your head. (SInv)
Your four strong arms can wield two-handed weapons with a shield.


Message History

The magic dart hits you but does no damage.
You hear some strange, mumbled words.
Something tries to affect you, but you resist.
Something hits you but does no damage.
You hear some strange, mumbled words.
A puff of flame appears from out of thin air!
The puff of flame hits you! Something hits you but does no damage.
Sigmund appears from thin air!
Reactivating autopickup.
Sigmund hits you but does no damage.
You feel less wooden.
Your +0 cloak unmelds from your body.
Your +1 scale mail unmelds from your body.
Sigmund closely misses you.
Unknown command.
Sigmund hits you from afar with a +0 scythe.
* * * LOW HITPOINT WARNING * * *
Sigmund says, "You will soon forget everything."
Sigmund casts a spell at you. The magic dart hits you.
* * * LOW HITPOINT WARNING * * *
Sigmund gestures wildly while chanting.
Sigmund flickers and vanishes for a moment.
Sigmund's inner flame fades away.
Sigmund gestures at you while chanting.
You are confused.
You bump into the rock wall.
You're too confused to move!
Sigmund screams, "Don't try to resist!"
You bump into the rock wall.
You feel less confused. Sigmund gestures at you while chanting.
The puff of flame hits you but does no damage.
Sigmund gestures at you while chanting. The magic dart hits you.
* * * LOW HITPOINT WARNING * * *
Sigmund points at you and mumbles some strange words.
The magic dart hits you.
You die...

.# #...########...## #
.##### ##.## ##.## #
.....# #@# #.# # .###.#
#.# #.# # .# #.# #.#
#+# # .###.####
###.###### ........#
#........# # ###..##.#
#.#..###.# #
.....##.######.#@..##.#
#
........[.......[.....+
+
##...##.####..........#
# ##.###.# #.#.##.##..#
# # #####.#
#.#.##.##..# # #
#(..#.# #.#........# #
# #.#...# #.###..##.##
#+# # # #.>.###
#.###.###.# #.# # ##.##
#.........# #.#


You could see Sigmund (invisible).

Vanquished Creatures
  Jessica (D:1)
  An adder (D:1)
  3 dart slugs
  6 bats
  2 endoplasms (D:1)
  A giant cockroach (D:1)
  2 goblins (D:1)
  6 hobgoblins
  9 jackals (D:1)
  2 kobolds (D:1)
  A quokka (D:2)
  A ball python (D:1)
  9 frilled lizards (D:1)
  4 rats
48 creatures vanquished.

Vanquished Creatures (others)
  5 plants (D:1)
5 creatures vanquished.

Grand Total: 53 creatures vanquished

Notes
Turn   | Place    | Note
-------+----------+-------------------------------------------
     0 | D:1      | Descartes the Formicid Warper began the quest for the Orb.
     0 | D:1      | Reached XP level 1. HP: 16/16 MP: 3/3
    76 | D:1      | Reached XP level 2. HP: 16/22 MP: 5/5
   293 | D:1      | Found a faded altar of an unknown god.
   354 | D:1      | Reached XP level 3. HP: 4/27 MP: 6/6
   447 | D:1      | Reached skill level 1 in Shields
   715 | D:1      | Reached skill level 1 in Earth Magic
  1026 | D:1      | Reached skill level 3 in Translocations
  1588 | D:2      | Noticed Jessica
  1597 | D:1      | Reached skill level 1 in Hexes
  1597 | D:1      | Reached skill level 1 in Poison Magic
  1597 | D:1      | Reached XP level 4. HP: 31/33 MP: 7/7
  1623 | D:1      | Killed Jessica
  2199 | D:2      | Noticed Sigmund
  2307 | D:2      | Killed from afar by Sigmund

Illustrated notes

Levels and vault maps discovered:
D:1:      shiori_arrival_elements, layout_basic,
          hellmonk_ecumenical_altar_crossroads, minmay_lizard_king
D:2:      layout_loops_corners, minmay_tromino_i4, uniq_jessica, uniq_sigmund

Skill      XL: |  1  2  3  4 |
---------------+-------------+-----
Shields        | 1 |  1.9
Earth Magic    | 1 |  1.4
Translocations | 3 |  3.1
Hexes          | 1 |  1.1
Poison Magic   | 1 |  1.3
Armour         | 2 |  2.0
Fighting       | |  2.1
Maces & Flails | |  2.5
Throwing       | |  1.0
Dodging        | |  1.7
Spellcasting   | |  2.1

Action                   |  1- 3 |  4- 6 || total
-------------------------+-------+-------++-------
Melee: Mace              |   112 |    22 ||   134
  Use: Scroll            |       |     4 ||     4
       Potion            |       |     2 ||     2
Armor: Leather armour    |    19 |       ||    19
       Scale mail        |    57 |     9 ||    66
       Skin              |       |    15 ||    15
Dodge: Dodged            |    79 |    11 ||    90
